 Dungeon Crawl Stone Soup version 0.27-a0-901-g8736458e1e (webtiles) character file.

Game seed: 15813054685503243155

506 DarkShadow the Chopper (level 6, -3/56 HPs)
             Began as a Minotaur Fighter on Apr 6, 2021.
             Killed by divine providence
             ... invoked by an orc priest
              (14 damage)
             ... on level 5 of the Dungeon.
             The game lasted 00:06:49 (4038 turns).

DarkShadow the Chopper (Minotaur Fighter)           Turns: 4038, Time: 00:06:50

Health: -3/56      AC:  8    Str: 21    XL:     6   Next: 97%
Magic:  5/5        EV:  8    Int:  5    God:
Gold:   183        SH:  0    Dex: 11    Spells: 5/5 levels left

rFire    . . .     SeeInvis .   a - +0 war axe
rCold    . . .     Faith    .   c - +0 kite shield
rNeg     . . .     Spirit   .   b - +0 scale mail
rPois    .         Reflect  .   (helmet restricted)
rElec    .         Harm     .   j - +0 cloak
rCorr    .         Rampage  .   (no gloves)
Will     .....                  (no boots)
Stlth    ..........             (no amulet)
HPRegen  0.18/turn              (no ring)
MPRegen  0.09/turn              (no ring)

@: confused
A: horns 2, retaliatory headbutt
a: no special abilities


You were on level 5 of the Dungeon.
You visited 1 branch of the dungeon, and saw 5 of its levels.

You collected 183 gold pieces.

Inventory:

Hand Weapons
 a - a +0 war axe (weapon)
Missiles
 o - 6 curare-tipped darts (quivered)
Armour
 b - a +0 scale mail (worn)
 c - a +0 kite shield (worn)
 j - a +0 cloak (worn)
Wands
 h - a wand of paralysis (10)
Scrolls
 f - a scroll of identify
 g - 3 scrolls of amnesia
 l - a scroll of noise
 m - a scroll of torment {unknown}
 n - a scroll of vulnerability {unknown}
Potions
 d - a potion of might
 e - a potion of curing {unknown}
 i - a potion of attraction
 k - a potion of mutation {unknown}


   Skills:
 + Level 5.2 Fighting
 + Level 5.8 Axes
 + Level 5.3 Armour
 + Level 0.8 Dodging
 + Level 0.8 Stealth
 + Level 5.2 Shields


You had 5 spell levels left.
You didn't know any spells.
Your spell library contained the following spells:

 Spells                   Type           Power      Damage    Failure   Level
 Animate Skeleton         Necr           0%         N/A       99%         1
 Apportation              Tloc           0%         N/A       99%         1
 Corona                   Hex            0%         N/A       99%         1
 Summon Small Mammal      Summ           0%         N/A       99%         1
 Ensorcelled Hibernation  Hex/Ice        0%         N/A       100%        2
 Confusing Touch          Hex            0%         N/A       100%        3
 Dazzling Flash           Conj/Hex       0%         N/A       100%        3
 Gell's Gravitas          Tloc           0%         N/A       100%        3
 Tukima's Dance           Hex            0%         N/A       100%        3
 Petrify                  Tmut/Erth      0%         N/A       100%        4
 Metabolic Englaciation   Hex/Ice        0%         N/A       100%        5
 Yara's Violent Unravell  Hex/Tmut       0%         3d3       100%        5


Dungeon Overview and Level Annotations

Branches:
Dungeon (5/15)
 Temple: D:4-7

Altars:
Nemelex Xobeh


Innate Abilities, Weirdness & Mutations

You have a pair of horns on your head.
You reflexively headbutt those who attack you in melee.


Message History

You kill the ice beast!
You hear a shout!
Things that are here:
a +0 mace; a +0 scale mail You see here 12 gold pieces.
The orc priest mumbles some strange prayers to Beogh against you.
Beogh smites you!
The orc wizard gestures at you while chanting.
You resist with some effort.
An orc comes into view. It is wielding a +0 mace.
The orc hits you but does no damage.
The orc priest invokes the aid of Beogh against you.
Beogh smites you!
The orc priest mumbles some strange prayers to Beogh against you.
Pain shoots through your body!
* * * LOW HITPOINT WARNING * * *
The orc wizard hits you but does no damage.
The orc closely misses you. You furiously retaliate!
You headbutt the orc, but do no damage.
Found a ring mail.
The orc wizard hits you with a +0 dagger.
* * * LOW HITPOINT WARNING * * *
The orc wizard points at itself and mumbles some strange words.
The orc wizard flickers and vanishes!
Deactivating autopickup; reactivate with Ctrl-A.
The orc hits you but does no damage.
You hear some strange, mumbled words.
You are confused.
The orc priest calls down the wrath of Beogh upon you.
Something writhes in agony.
There is a stone staircase leading down here.
The orc priest looks satisfied for a moment.
You closely miss something. You headbutt something!
Reactivating autopickup.
You feel a bit more experienced.
You miss the orc. The orc hits you but does no damage.
The orc hits you but does no damage.
The orc priest invokes the aid of Beogh against you.
Beogh smites you!
You die...

.......#...
......#...
##########...$....
#......$.###..#...
#.[...............
#........# #..)...
#..o>....###.....#
#...)o...##.o.$..#
#@o......#.o.....#
#######..........#
###........#
#...†.....
##.......#
#.......#
#........
##....... #....#.#


You could see an orc priest and 2 orcs.

Vanquished Creatures
  A black bear (D:5)
  An ice beast (D:5)
  A necrophage (D:5)
  A jelly (D:5)
  An orc wizard (D:5)
  A howler monkey skeleton (D:5)
  7 adders
  An ufetubus (D:4)
  4 dart slugs
  9 orcs
  8 ball pythons
  5 bats
  7 endoplasms
  4 giant cockroaches
  4 goblins
  9 hobgoblins
  6 jackals
  8 kobolds
  4 quokkas
  2 frilled lizards
  4 rats
88 creatures vanquished.

Vanquished Creatures (collateral kills)
  A hound skeleton (D:4)
  A jackal (D:4)
2 creatures vanquished.

Grand Total: 90 creatures vanquished

Notes
Turn   | Place    | Note
-------+----------+-------------------------------------------
     0 | D:1      | DarkShadow the Minotaur Fighter began the quest for the
                  | Orb.
     0 | D:1      | Reached XP level 1. HP: 19/19 MP: 0/0
   175 | D:1      | Reached XP level 2. HP: 27/27 MP: 1/1
   578 | D:1      | Reached XP level 3. HP: 33/33 MP: 2/2
   590 | D:1      | You fall into a shaft and drop 1 floor!
  1156 | D:2      | Reached XP level 4. HP: 40/40 MP: 3/3
  1714 | D:3      | Found a sparkling altar of Nemelex Xobeh.
  2351 | D:3      | Found a faded altar of an unknown god.
  2914 | D:4      | Reached XP level 5. HP: 43/47 MP: 4/4
  3628 | D:5      | Entered Level 5 of the Dungeon
  3634 | D:5      | Noticed a necrophage
  3643 | D:5      | Killed a necrophage
  3644 | D:5      | Reached skill level 5 in Fighting
  3905 | D:5      | Reached XP level 6. HP: 53/56 MP: 5/5
  3910 | D:5      | Reached skill level 5 in Axes
  3929 | D:5      | Reached skill level 5 in Armour
  3929 | D:5      | Reached skill level 5 in Shields
  4002 | D:5      | Noticed an ice beast
  4016 | D:5      | Killed an ice beast
  4038 | D:5      | Killed from afar by an orc priest

Illustrated notes

Levels and vault maps discovered:
D:1:      lightli_arrival_chessboard, layout_basic
D:2:      minmay_spotlight, layout_basic
D:3:      layout_basic, nemelex_spade_bored_becter,
          ebering_ecumenical_altar_rust
D:4:      layout_loops_ring
D:5:      layout_rooms, nicolae_dithmenos_through_a_glass_darkly

Skill      XL: |  1  2  3  4  5  6 |
---------------+-------------------+-----
Shields        | 4 5 |  5.2
Fighting       | 4 5 |  5.2
Armour         | 4 5 |  5.3
Axes           | 3 4 5 |  5.8
Dodging        | |  0.8
Stealth        | |  0.8

Action                   |  1- 3 |  4- 6 || total
-------------------------+-------+-------++-------
Melee: War axe           |    71 |   110 ||   181
       Headbutt          |     7 |    16 ||    23
  Use: Scroll            |       |     6 ||     6
       Potion            |       |     1 ||     1
Armor: Scale mail        |    42 |    72 ||   114
Dodge: Dodged            |    45 |    48 ||    93
Block: Kite shield       |    46 |    67 ||   113

Table legend: (Time is in decaauts)
 A = Elapsed time spent in this place.
 B = Non-inter-level travel time spent in this place.
 C = Inter-level travel time spent in this place.
 D = Time resting spent in this place.
 E = Time spent auto-exploring this place.
 F = Levels seen in this place.
 G = Mean time per level.
                   A        B        C        D        E       F      G
               +--------+--------+--------+--------+--------+-----+--------+
         Total |   4133 |   4130 |      3 |    441 |   2459 |   5 |  826.6 |
       Dungeon |   4133 |   4130 |      3 |    441 |   2459 |   5 |  826.6 |
               +--------+--------+--------+--------+--------+-----+--------+

Top non-repeatable levels by time:
     D:3: 1350 daAuts
     D:2: 840 daAuts
     D:1: 764 daAuts
     D:4: 751 daAuts
     D:5: 426 daAuts
